 Dungeon Crawl Stone Soup version 0.18.1-48-g4cf74bf (webtiles) character file.

1186 Puuhinen the Conjurer (level 8, 0/50 HPs)
             Began as an Octopode Conjurer on July 21, 2016.
             Was a Follower of Sif Muna.
             Shot with a sling bullet by Joseph (12 damage)
             ... on level 7 of the Dungeon.
             The game lasted 00:36:30 (7377 turns).

Puuhinen the Conjurer (Octopode Conjurer)           Turns: 7377, Time: 00:36:30

Health: 0/50       AC:  1    Str:  8    XL:     8   Next: 42%
Magic:  6/15       EV: 13    Int: 19    God:    Sif Muna [*.....]
Gold:   345        SH:  0    Dex: 12    Spells: 3 memorised, 10 levels left

rFire  . . .     SeeInvis .     g - +2 short sword (distort)
rCold  . . .     Gourm    .     (no shield)
rNeg   . . .     Faith    .     (helmet restricted)
rPois  .         Spirit   .     (no amulet)
rElec  .         Dismiss  .     (no ring)
rCorr  .         Reflect  .     (no ring)
SustAt .         Harm     .     (no ring)
MR     .....                    (no ring)
Stlth  ++++......               (no ring)
                                (no ring)
                                (no ring)
                                (no ring)

@: not resistant to hostile enchantments, stealthy
A: almost no armour, amphibious, 8 rings, constrict 8, camouflage 1, gelatinous
body 1
a: Channel Energy, Renounce Religion


You were on level 7 of the Dungeon.
You worshipped Sif Muna.
Sif Muna was aware of your devotion.
You were not hungry.

You visited 2 branches of the dungeon, and saw 8 of its levels.

You collected 345 gold pieces.

Inventory:

Hand Weapons
 e - a +0 blowgun
 g - a +2 short sword of distortion (weapon)
 n - a +0 spear of freezing
 y - a +4 short sword
Missiles
 h - 27 poisoned needles
 A - a throwing net (quivered)
Jewellery
 q - an uncursed ring of resist corrosion {unknown}
Wands
 x - a wand of enslavement (10/24)
Scrolls
 i - 3 scrolls of amnesia
 k - a scroll of fear {unknown}
 u - a scroll of teleportation
Potions
 c - 2 potions of lignification
 d - a potion of resistance
 f - a potion of haste {unknown}
 j - a potion of brilliance {unknown}
 l - a potion of ambrosia {unknown}
 o - 4 potions of berserk rage
 p - 2 potions of degeneration {unknown}
 r - a potion of heal wounds
 s - a potion of cure mutation {unknown}
 t - 2 potions of flight {unknown}
 w - a potion of might
Books
 a - a book of Conjurations

   Spells                             Type                      Level
   a - Magic Dart                     Conjuration                  1
   b - Searing Ray                    Conjuration                  2
   c - Dazzling Spray                 Conjuration/Hexes            3
   d - Fulminant Prism                Conjuration/Hexes            4
   e - Iskenderun's Mystic Blast      Conjuration                  4
   f - Iskenderun's Battlesphere      Conjuration/Charms           5
Comestibles
 b - 10 bread rations
 m - 2 meat rations


   Skills:
 + Level 1.8 Fighting
 + Level 1.2 Short Blades
 + Level 4.3 Dodging
 + Level 5.8 Stealth
 + Level 5.1 Spellcasting
 * Level 7.0 Conjurations


You had 10 spell levels left.
You knew the following spells:

 Your Spells              Type           Power        Failure   Level  Hunger
a - Magic Dart            Conj           ####         1%          1    None
b - Searing Ray           Conj           ####..       1%          2    #......
c - Iskenderun's Mystic   Conj           ####....     10%         4    ####...


Dungeon Overview and Level Annotations

Branches:
Dungeon (7/15)             Temple (1/1) D:6

Altars:
Ashenzari
Cheibriados
Dithmenos
Elyvilon
Fedhas
Gozag
Kikubaaqudgha
Makhleb
Nemelex Xobeh
Okawaru
Pakellas
Qazlal
Ru
Sif Muna
Trog
Vehumet
Zin
The Shining One

Shops:
D:4 (

Annotations:
D:3 exclusion: player ghost, junkhipster's ghost, amateur GrFi
D:4 exclusion: moth of wrath
D:6 Dowan; Duvessa; Grinder
D:7 Joseph


Innate Abilities, Weirdness & Mutations

You cannot wear most types of armour.
You are amphibious.
You can wear up to eight rings at the same time.
You can use your tentacles to constrict eight enemies at once.
Your skin changes colour to match your surroundings (Stealth).
Your rubbery body absorbs attacks (AC +1).


Message History

Aim: Joseph, wielding a hunting sling and wearing a leather armour (lightly wounded)
The orb of energy hits Joseph.
Joseph is moderately wounded.
Joseph shoots a sling bullet.
The sling bullet hits you!
Casting: Iskenderun's Mystic Blast
Confirm with . or Enter, or press ? or * to list all spells.
Aiming: Searing Ray
Press: ? - help, Shift-Dir - straight line, f/p - Joseph
Aim: Joseph, wielding a hunting sling and wearing a leather armour (moderately wounded)
The searing ray hits Joseph.
Joseph is moderately wounded.
Joseph shoots a sling bullet.
The sling bullet hits you!
* * * LOW HITPOINT WARNING * * *
The searing ray hits Joseph.
Joseph is heavily wounded.
Joseph shoots a sling bullet.
The sling bullet barely misses you.
The searing ray hits Joseph.
Joseph is heavily wounded.
Joseph shoots a sling bullet.
The sling bullet hits you!
You die...

..#<..#............##.....
#.###..............#......
#.###..(..................
#..##.....................
###..................).#...
#..................).).....
#####...................@......
.................##............
....#######.#..#@##............
..#................@...........
..#####......................!.
........#.....####>............
..#####........# ....###.#####.
#.####....#.#..# .# ##.# #
...#.#..# ## ####.<#### .
...... #........# ..#.....


You could see Joseph.

Vanquished Creatures
  An ice beast (D:6)
  A sky beast (D:6)
  An ogre (D:5)
  A big kobold (D:7)
  2 giant frogs (D:6)
  A scorpion (D:6)
  A water moccasin skeleton (D:7)
  2 crimson imps
  A hound (D:6)
  Crazy Yiuf (D:4)
  A centaur skeleton (D:6)
  4 worker ants
  A killer bee zombie (D:7)
  2 hound skeletons (D:4)
  Robin (D:3)
  4 gnolls (D:6)
  12 adders
  A shadow imp (D:6)
  2 oozes
  2 adder skeletons
  6 worms
  4 dart slugs
  4 giant geckos
  8 orcs (D:3)
  A ball python (D:3)
  5 giant cockroaches
  8 goblins (D:3)
  5 hobgoblins
  14 jackals
  11 kobolds
  4 quokkas
  7 bats
  A giant gecko zombie (D:5)
  4 giant newts
  A quokka skeleton (D:4)
  4 rats (D:1)
  A butterfly (D:6)
130 creatures vanquished.

Vanquished Creatures (others)
  A giant frog skeleton (D:7)
  A jackal (D:3)
  A fungus (D:4)
3 creatures vanquished.

Grand Total: 133 creatures vanquished

Notes
Turn   | Place    | Note
--------------------------------------------------------------
     0 | D:1      | Puuhinen the Octopode Conjurer began the quest for the Orb.
     0 | D:1      | Reached XP level 1. HP: 11/11 MP: 3/3
   187 | D:1      | Reached XP level 2. HP: 14/17 MP: 1/5
   802 | D:2      | Learned a level 2 spell: Searing Ray
   832 | D:2      | Reached XP level 3. HP: 21/21 MP: 3/6
  1035 | D:2      | Found a faded altar to an unknown god.
  1436 | D:3      | Reached XP level 4. HP: 27/27 MP: 3/7
  1489 | D:3      | Noticed junkhipster's ghost (amateur GrFi)
  1751 | D:3      | Reached skill level 5 in Conjurations
  2108 | D:3      | Found an opulent altar of Gozag.
  2164 | D:3      | Noticed Robin
  2271 | D:3      | Reached XP level 5. HP: 22/31 MP: 8/8
  2854 | D:3      | Killed Robin
  3178 | D:4      | Learned a level 4 spell: Iskenderun's Mystic Blast
  3268 | D:4      | Noticed Crazy Yiuf
  3270 | D:4      | Killed Crazy Yiuf
  3270 | D:4      | Reached skill level 1 in Short Blades
  3563 | D:4      | Reached XP level 6. HP: 36/36 MP: 3/10
  3780 | D:4      | You fall through a shaft for 2 floors!
  3989 | D:6      | Found a staircase to the Ecumenical Temple.
  3999 | D:6      | Reached skill level 1 in Fighting
  4031 | D:6      | Noticed Dowan
  4032 | D:6      | Noticed Duvessa
  4034 | Temple   | Entered the Ecumenical Temple
  4116 | Temple   | Became a worshipper of Sif Muna the Loreminder
  4130 | D:6      | Noticed a sky beast
  4130 | D:6      | Noticed an ice beast
  4135 | D:6      | Reached skill level 5 in Stealth
  4159 | D:5      | Entered Level 5 of the Dungeon
  4381 | D:4      | Found Luylacs's Antique Weapon Boutique.
  4473 | D:4      | Noticed a moth of wrath
  4476 | D:4      | Found a bloodstained altar of Trog.
  5408 | D:5      | Found a sacrificial altar of Ru.
  5460 | D:5      | Reached XP level 7. HP: 43/43 MP: 4/12
  6004 | D:6      | Reached skill level 6 in Conjurations
  6132 | D:6      | Reached * piety under Sif Muna
  6344 | D:6      | Reached XP level 8. HP: 41/48 MP: 6/14
  6872 | D:6      | Noticed Grinder
  6966 | D:7      | Noticed Joseph
  7202 | D:7      | Reached skill level 5 in Spellcasting
  7202 | D:7      | Reached skill level 7 in Conjurations
  7377 | D:7      | Shot with a sling bullet by Joseph

Skill      XL: |  1  2  3  4  5  6  7  8 |
---------------+-------------------------+-----
Stealth        | 3 4 5 |  5.8
Conjurations   | 5 6 7 |  7.0
Spellcasting   | 3 4 5 |  5.1
Short Blades   | 1 |  1.2
Fighting       | 1 |  1.8
Dodging        | 3 4 |  4.3

Action                   |  1- 3 |  4- 6 |  7- 9 || total
-------------------------+-------+-------+-------++-------
Melee: Unarmed           |     6 |       |       ||     6
       Constrict         |     3 |    15 |     4 ||    22
       Short sword       |     6 |    56 |    19 ||    81
       Tentacles         |     1 |     7 |     3 ||    11
 Cast: Magic Dart        |    44 |   100 |    71 ||   215
       Searing Ray       |     2 |    12 |     5 ||    19
       Iskenderun's Myst |       |     4 |    12 ||    16
  Use: Scroll            |     1 |    12 |     2 ||    15
       Potion            |       |     1 |     2 ||     3
 Stab: Sleeping          |     2 |     5 |       ||     7
  Eat: Chunk             |     2 |     8 |     4 ||    14
       Meat ration       |       |     1 |     1 ||     2
       Beef jerky        |       |       |     2 ||     2
Armor: Skin              |     2 |     3 |     2 ||     7
Dodge: Dodged            |    11 |    40 |    21 ||    72
